 Dungeon Crawl Stone Soup version 0.30.1-4-g462c640d31 (webtiles) character file.

Game seed: 4548524150049823756

514333 kr3s1m1r the Conqueror (level 25, 0/248 (257) HPs)
             Began as a Hill Orc Fighter on Aug 22, 2023.
             Was the Champion of Okawaru.
             Killed by a malign offering
             ... invoked by a deep elf high priest
              (12 damage)
             ... on level 3 of the Elven Halls on Aug 23, 2023.
             The game lasted 02:49:30 (48511 turns).

kr3s1m1r the Conqueror (Hill Orc Fighter)          Turns: 48511, Time: 02:49:30

HP:   0/248 (257)   AC: 43    Str: 39    XL:     25   Next: 15%
MP:   31/34         EV: 12    Int:  9    God:    Okawaru [******]
Gold: 4373          SH: 22    Dex:  9    Spells: 24/24 levels left

rFire   + + .        a - +8 mithril axe "Arga" {speed, Will+}
rCold   + . .        P - +0 tower shield {rPois}
rNeg    + . .        B - +12 gold dragon scales
rPois   +            x - +2 helmet {SInv}
rElec   .            F - scarf "Poideako" {+Inv, Regen+}
rCorr   .            K - +3 pair of gauntlets of War {Slay+5}
SInv    +            E - +0 pair of boots {Stlth+}
Will    +++..        A - amulet of regeneration Stlth
                     p - ring of protection from fire
HPRegen 2.21/turn    o - ring "Ovearunt" {rN+ Str+6}
MPRegen 0.24/turn

%: no passive effects
@: about to teleport, finesse-ful, corroded, studying Dodging, lightly drained
A: iridescent scales 1, strong-willed 1, strong 1
}: 3/15 runes: barnacled, silver, gossamer
a: Renounce Religion, Evoke Invisibility, Heroism, Finesse, Duel


You were on level 3 of the Elven Halls.
You worshipped Okawaru.
Okawaru was exalted by your worship.
You visited 9 branches of the dungeon, and saw 43 of its levels.
You visited 1 bazaar.
You also visited: Ossuary, Bailey and Ice Cave.

You collected 7607 gold pieces.
You spent 3234 gold pieces at shops.

Inventory:

Hand Weapons
 a - the +8 mithril axe "Arga" (weapon) {speed, Will+}
   (You took it off a frost giant on level 5 of the Vaults)

   Will:      It increases your willpower.
 b - the +12 war axe "Jelly's Funeral" {speed, rElec rF- Dex+4}
   (Okawaru gifted it to you on level 4 of the Vaults)

   Dex:       It affects your dexterity (+4).
   rF:        It makes you vulnerable to fire.
   rElec:     It insulates you from electricity.
Missiles
 G - a throwing net
 W - 15 javelins (quivered)
 Y - 19 boomerangs of dispersal
Armour
 x - a +2 helmet of see invisible (worn)
 B - +12 gold dragon scales (worn)
 E - a +0 pair of boots of stealth (worn)
 F - the scarf "Poideako" (worn) {+Inv, Regen+}
   (Okawaru gifted it to you on level 2 of the Lair of Beasts)

   Regen:     It increases your rate of health regeneration.
 K - the +3 pair of gauntlets of War (worn) {Slay+5}
   (You bought it in a shop on level 2 of the Orcish Mines)

   Slay:      It affects your accuracy & damage with ranged weapons and melee
   (+5).
 P - a +0 tower shield of poison resistance (worn)
Jewellery
 o - the ring "Ovearunt" (right hand) {rN+ Str+6}
   (You bought it in a shop on level 1 of the Depths)

   [ring of strength]

   Str:       It affects your strength (+6).
   rN:        It protects you from negative energy.
 p - a ring of protection from fire (left hand)
 q - a ring of resist corrosion
 r - a ring of magical power
 A - an amulet of regeneration (around neck)
 M - a ring of willpower
Wands
 l - a wand of digging (8)
 C - a wand of light (23)
 J - a wand of iceblast (36)
 L - a wand of flame (25)
 V - a wand of mindburst (33)
Scrolls
 c - 4 scrolls of torment
 e - 2 scrolls of magic mapping
 k - 7 scrolls of fog
 m - 7 scrolls of blinking
 n - 30 scrolls of identify
 w - 7 scrolls of teleportation
 H - 3 scrolls of silence
 O - 3 scrolls of enchant weapon
 Q - 7 scrolls of fear
 R - 3 scrolls of poison
 T - 4 scrolls of amnesia
 U - a scroll of brand weapon
 X - 6 scrolls of immolation
Potions
 d - 9 potions of attraction
 f - 9 potions of haste
 g - 7 potions of berserk rage
 h - 28 potions of curing
 i - 9 potions of ambrosia
 j - 12 potions of flight
 s - 7 potions of might
 u - 9 potions of heal wounds
 v - 12 potions of brilliance
 z - 7 potions of invisibility
 D - a potion of magic
 I - 2 potions of mutation
 S - 4 potions of cancellation
 Z - 2 potions of resistance
Miscellaneous
 t - a tin of tremorstones (2/2)
 N - a lightning rod (4/4)


   Skills:
 O Level 27 Fighting
 - Level 18.0 Axes
 - Level 5.0 Throwing
 * Level 26.0 Armour
 + Level 12.1 Dodging
 + Level 25.1 Shields
 - Level 15.0 Invocations
 - Level 10.0 Evocations


You had 24 spell levels left.
You didn't know any spells.
Your spell library contained the following spells:

 Spells                   Type           Power      Damage    Failure   Level
 Kiss of Death            Conj/Necr      0%         2d5       86%         1
 Magic Dart               Conj           0%         1d3       86%         1
 Sandblast                Erth           0%         2d4       86%         1
 Sting                    Tmut/Pois      0%         1d3       86%         1
 Ensorcelled Hibernation  Hex/Ice        0%         N/A       95%         2
 Passwall                 Tmut/Erth      0%         N/A       95%         2
 Scorch                   Fire           0%         2d5       95%         2
 Searing Ray              Conj           0%         2d4       95%         2
 Sublimation of Blood     Necr           0%         N/A       95%         2
 Ignite Poison            Fire/Tmut/Pois 0%         N/A       99%         3
 Inner Flame              Hex/Fire       0%         N/A       99%         3
 Stone Arrow              Conj/Erth      0%         3d7       99%         3
 Swiftness                Air            0%         N/A       99%         3
 Volatile Blastmotes      Fire/Tloc      0%         2d10      99%         3
 Anguish                  Hex/Necr       0%         N/A       100%        4
 Cause Fear               Hex            0%         N/A       100%        4
 Flame Wave               Conj/Fire      0%         2d4       100%        4
 Fulminant Prism          Conj/Hex       0%         3d5       100%        4
 Iskenderun's Mystic Bla  Conj/Tloc      0%         2d3       100%        4
 Manifold Assault         Tloc           0%         N/A       100%        4
 Olgreb's Toxic Radiance  Pois           0%         N/A       100%        4
 Passage of Golubria      Tloc           0%         N/A       100%        4
 Petrify                  Tmut/Erth      0%         N/A       100%        4
 Sticky Flame             Conj/Fire      0%         2d3       100%        4
 Arcjolt                  Conj/Air       0%         1d10      100%        5
 Borgnjor's Vile Clutch   Necr/Erth      0%         N/A       100%        5
 Freezing Cloud           Conj/Ice/Air   0%         6-21      100%        5
 Irradiate                Conj/Tmut      0%         3d11      100%        5
 Iskenderun's Battlesphe  Conj           0%         2d6       100%        5
 Lee's Rapid Deconstruct  Erth           0%         3d4*      100%        5
 Metabolic Englaciation   Hex/Ice        0%         N/A       100%        5
 Silence                  Hex/Air        0%         N/A       100%        5
 Dispersal                Tloc           0%         N/A       100%        6
 Eringya's Noxious Bog    Tmut/Pois      0%         N/A       100%        6
 Enfeeble                 Hex            0%         N/A       100%        7
 Orb of Destruction       Conj           0%         9d5       100%        7
 Storm Form               Tmut/Air       0%         N/A       100%        7
 Disjunction              Tloc           0%         N/A       100%        8
 Lehudib's Crystal Spear  Conj/Erth      0%         10d2      100%        8
 Maxwell's Capacitive Co  Air            0%         ∞         100%        8
 Fire Storm               Conj/Fire      0%         5d1       100%        9
 Animate Armour           Summ/Erth      Unusable   N/A       N/A         4
 Animate Dead             Necr           Unusable   N/A       N/A         4
 Summon Lightning Spire   Summ/Air       Unusable   N/A       N/A         4
 Summon Forest            Summ/Tloc      Unusable   N/A       N/A         5
 Simulacrum               Ice/Necr       Unusable   N/A       N/A         6
 Summon Hydra             Summ           Unusable   N/A       N/A         7

Dungeon Overview and Level Annotations

Branches:
Dungeon (15/15) Zot: 23394  Temple (1/1) D:5 Zot: 5949    Lair (5/5) D:8 Zot: 24638
 Shoals (4/4) Lair:3 Zot: 20504  Spider (4/4) Lair:2 Zot: 19205   Slime (0/5) Lair:4
    Orc (2/2) D:10 Zot: 9850     Elf (3/3) Orc:2 Zot: 15248  Vaults (5/5) D:13 Zot: 22645
  Crypt (0/3) Vaults:3     Depths (4/4) D:15 Zot: 18459     Zot (0/5) Depths:4
Ossuary (visited)          Bailey (visited)           IceCv (visited)

Altars:
Ashenzari
Cheibriados
Dithmenos
Elyvilon
Fedhas
Gozag
Hepliaklqana
Kikubaaqudgha
Makhleb
Nemelex Xobeh
Okawaru
Qazlal
Ru
Sif Muna
Trog
Uskayaw
Vehumet
Wu Jian
Xom
Yredelemnul
Zin
The Shining One
Jiyva

Shops:
D:2 =   D:5 [:?[   D:14 ?   Orc:2 =*[(   Elf:2 ?:   Depths:1 *

Portals:
Hell: Depths:1 Depths:2 Depths:3 Depths:4
Abyss: Depths:3
Pandemonium: Depths:2
Ziggurat: Depths:1

Annotations:
Vaults:2 1 exclusion


Innate Abilities, Weirdness & Mutations

You are partially covered in iridescent scales. (AC +2)
You are strong-willed. (Will+)
Your muscles are strong. (Str +4, Int/Dex -1)


Message History

You hit the sun demon but do no damage. You slice the deep elf demonologist!!
You kill the deep elf demonologist!
Okawaru accepts your kill.
The balrug disappears in a puff of smoke!
The chaos spawn degenerates into a cloud of primal chaos!
The Tzitzimitl disappears in a puff of smoke!
You hit the sun demon. You slice the hellion!!
You kill the hellion!
The hellion disappears in a puff of smoke!
You slash the deep elf high priest!
You kill the deep elf high priest!
Okawaru accepts your kill.
As you read the scroll of teleportation, it crumbles to dust.
You feel strangely unstable.
You block the +3 halberd of venom's attack.
The sun demon hits you!
You are engulfed in flames.
You resist.
* * * LOW HITPOINT WARNING * * *
The Tzitzimitl calls on the powers of darkness!
The deep elf annihilator convulses!
The deep elf demonologist convulses!
The deep elf high priest convulses!
The deep elf death mage convulses!
Your body is wracked with pain!
* * * LOW HITPOINT WARNING * * *
The deep elf high priest convulses!
The deep elf death mage gestures at you while chanting.
The bolt of negative energy hits you!! You partially resist.
You feel drained.
* * * LOW HITPOINT WARNING * * *
The deep elf annihilator mumbles some strange words.
The deep elf annihilator blinks!
The deep elf high priest mumbles some strange prayers to its god against you.
Something smites you!
* * * LOW HITPOINT WARNING * * *
The deep elf demonologist casts a spell.
You block the +3 halberd of venom's attack.
Blink to where?
Press: ? - help, Dir - move target
As you read the scroll of blinking, it crumbles to dust.
The deep elf high priest utters a dark prayer and points at you.
Your life force is offered up.
You die...

#.3.)e2§e.# #.)3e.# ##
###[### #. #)))# ##
#..$# #..?# ### ###.##
##.# #...# #.## ##@## .
#.# #<# .. #.## #.## ..
### ##.## ##..## .# #..
##.## ##.#..## .. #.<
##.###.#.##.###.# #..
##...##.###...# ##..
######.###.##.....##...
#..#..####...##.).


You could see a sun demon (summoned) and a deep elf high priest (brilliance
aura).

Vanquished Creatures
  A dread lich (Vaults:5)
  Mara (Elf:3)
  3 juggernauts
  Bai Suzhen (Shoals:3)
  The ghost of casual the Hoplite, a veteran MiMo of Hepliaklqana (Vaults:2)
  3 caustic shrikes (Depths:4)
  2 golden dragons
  A bone dragon (Depths:4)
  2 tentacled monstrosities
  A hellephant (Depths:2)
  Rupert (D:14)
  Zenata (Arena)
  A walking crystal tome (Depths:4)
  2 liches
  Mlioglotl (Arena)
  A walking frostbound tome (Depths:3)
  Asterion (Vaults:3)
  An azure jelly (Depths:2)
  3 titans
  2 quicksilver dragons
  3 deep elf blademasters
  2 deep elf master archers
  A kraken (Shoals:3)
  9 sphinxes
  6 shadow dragons
  Frances (D:14)
  3 storm dragons
  Gastronok (Lair:3)
  11 tengu reavers
  2 revenants (Depths:2)
  10 fire giants
  6 deep elf sorcerers
  A rockslime (Depths:2)
  Aizul (Spider:1)
  2 quicksilver oozes (Depths:2)
  10 vault wardens
  9 frost giants
  A draconian scorcher (Depths:4)
  2 draconian shifters (Depths:4)
  6 emperor scorpions
  An iron dragon (Depths:3)
  5 ghost moths
  3 orc warlords
  3 deep elf elementalists (Elf:3)
  3 balrugs (Depths:2)
  A spriggan defender (Depths:3)
  3 war gargoyles
  18 ironbound preservers
  11 ironbound thunderhulks
  4 vampire knights
  A broodmother (Spider:4)
  40 very ugly things
  A green draconian (Depths:4)
  4 deep elf demonologists
  8 dire elephants
  16 stone giants
  13 spark wasps
  4 deep elf annihilators
  Azrael (Spider:1)
  A black draconian (Depths:4)
  A purple draconian (Depths:4)
  A blizzard demon (Depths:2)
  Snorg (D:12)
  4 deep elf death magi
  6 ettins
  3 white draconians
  4 merfolk javelineers
  2 eidola (Depths:2)
  7 merfolk impalers
  3 crystal guardians
  9 deep elf high priests
  15 yaktaur captains
  A fire dragon (Depths:3)
  An entropy weaver (shapeshifter) (D:15)
  5 entropy weavers
  9 great orbs of eyes
  Erolcha (D:9)
  9 spriggan air magi
  A hell beast (Depths:2)
  3 salamander tyrants (Depths:2)
  33 vault guards
  6 ice dragons
  4 peacekeepers
  A caustic shrike simulacrum (IceCv)
  3 radroaches
  2 rakshasas
  2 satyrs (Shoals:4)
  A hydra (D:15)
  A catoblepas (D:14)
  An ogre mage (Vaults:5)
  3 jorogumos
  4 merfolk avatars
  12 ironbound frosthearts
  7 boulder beetles
  14 centaur warriors
  2 alligator snapping turtles
  5 tengu warriors
  A death knight (D:13)
  31 dancing weapons
  6 merfolk aquamancers
  6 two-headed ogres
  2 death scarabs (Depths:2)
  A vampire mage (Depths:2)
  8 deep troll shamans
  6 death yaks (Lair:3)
  12 deep troll earth magi
  4 orc high priests (Orc:2)
  2 spriggans (Depths:4)
  21 deep elf knights
  2 storm dragon zombies (Depths:3)
  Sonja (Orc:2)
  15 spriggan berserkers
  4 large abominations (Elf:1)
  3 sun moths
  9 pharaoh ants
  15 hell knights
  A shadow wraith (Vaults:5)
  5 skeletal warriors (D:15)
  5 iron trolls
  7 skysharks
  51 deep trolls
  2 glowing orange brains (Depths:3)
  A swamp dragon (shapeshifter) (Vaults:5)
  Lodul (D:11)
  2 orange crystal statues
  9 orb spiders
  11 sea snakes
  4 deep elf archers
  5 lindwurms
  9 ironbound convokers
  2 flayed ghosts
  6 steelbarb worms
  7 necromancers
  4 phantasmal warriors
  8 wizards
  13 orc knights
  28 deep elf pyromancers
  14 harpies
  25 wolf spiders
  17 deep elf zephyrmancers
  46 ugly things
  22 fauns
  4 orc sorcerers
  2 moths of wrath
  13 manticores
  4 cyclopes
  An elephant (shapeshifter) (Vaults:5)
  22 elephants
  6 water nymphs
  9 merfolk sirens
  6 demonic crawlers
  An ice statue (Spider:1)
  2 black mambas (Lair:5)
  16 vault sentinels
  3 torpor snails
  9 cane toads
  5 gargoyles
  Maggie (D:7)
  An unseen horror (D:13)
  42 yaktaurs
  2 kobold demonologists (D:12)
  5 rime drakes
  3 komodo dragons
  2 hellions (Depths:2)
  3 freezing wraiths
  4 tengu conjurers (Depths:2)
  A guardian mummy (Depths:2)
  A golden dragon simulacrum (IceCv)
  A troll (shapeshifter) (Depths:2)
  A meliai (Spider:4)
  8 wind drakes
  4 trolls
  31 merfolk
  5 hornets
  A polar bear (shapeshifter) (D:15)
  A wolf spider simulacrum (D:15)
  33 tarantellas
  10 blink frogs
  3 polar bears
  A hornet (shapeshifter) (Vaults:5)
  6 snapping turtles
  4 dream sheep (Lair:1)
  23 jumping spiders
  14 slime creatures
  2 culicivoras (shapeshifter) (D:14)
  32 culicivoras
  5 air elementals
  4 wraiths
  3 shadows
  8 water elementals
  A vampire (D:9)
  6 fire elementals
  2 steam dragons
  36 yaks
  4 wyverns
  A redback (shapeshifter) (Elf:1)
  58 redbacks
  2 wargs (Orc:1)
  13 vampire mosquitoes
  A warg (shapeshifter) (Vaults:5)
  2 acid dragons
  Edmund (D:5)
  11 water moccasins
  2 hell hounds (Spider:1)
  2 hydra simulacra (IceCv)
  A floating eye (Depths:2)
  40 orc warriors
  2 ettin simulacra (IceCv)
  A sky beast (D:5)
  6 black bears
  3 ice beasts
  An alligator simulacrum (IceCv)
  15 ogres
  2 boggarts (Vaults:2)
  6 centaurs
  4 wolves (Lair:2)
  The ghost of Quickbrownfox the Conjurer, an amateur DsCj (D:3)
  A phantom (D:4)
  An elf zombie (Elf:1)
  Blork the orc (D:6)
  8 bullfrogs
  8 kobold brigands
  2 earth elementals
  2 gnoll sergeants
  4 scorpions
  4 wights
  A glowing shapeshifter simulacrum (Depths:3)
  A lindwurm simulacrum (IceCv)
  3 electric eels
  2 howler monkeys (D:9)
  18 orc priests
  2 jellies
  A water moccasin simulacrum (D:3)
  5 hounds
  Jessica (D:2)
  7 iguanas
  A sleepcap (D:4)
  2 hell rats (Lair:4)
  29 orc wizards
  8 mummies (Ossuary)
  7 adders
  17 gnolls
  10 river rats (Lair:4)
  2 hound simulacra (D:3)
  2 shadow imps (D:7)
  2 white imps
  An ufetubus (D:5)
  4 worms
  2 dart slugs
  An adder simulacrum (D:3)
  72 orcs
  8 bats
  11 endoplasms
  5 giant cockroaches
  2 gnoll zombies (Ossuary)
  5 hobgoblins
  8 jackals (D:2)
  3 quokkas
  9 ball pythons
  2 ball python simulacra (D:3)
  2 frilled lizards
  9 goblins
  2 hobgoblin zombies (Ossuary)
  37 kobolds
  A kobold zombie (Ossuary)
  3 orc zombies (Ossuary)
  8 rats
  A spectral weapon (Vaults:3)
  2 tentacles (Shoals:3)
1841 creatures vanquished.

Vanquished Creatures (others)
  An ancient lich (Vaults:5)
  An eldritch tentacle (Vaults:2)
  A fire giant (Depths:2)
  A quicksilver ooze (Depths:2)
  3 merfolk aquamancers
  A deep elf knight (Elf:3)
  A pharaoh ant (Spider:4)
  A manticore (Lair:3)
  A culicivora (Spider:1)
  A water elemental (Shoals:4)
  2 tentacles (Shoals:3)
14 creatures vanquished.

Grand Total: 1855 creatures vanquished

Notes
Turn   | Place    | Note
-------+----------+-------------------------------------------
     0 | D:1      | kr3s1m1r the Hill Orc Fighter began the quest for the Orb.
     0 | D:1      | Reached XP level 1. HP: 19/19 MP: 1/1
   279 | D:1      | Reached XP level 2. HP: 7/26 MP: 2/2
   479 | D:1      | Reached XP level 3. HP: 30/31 MP: 3/3
  1048 | D:2      | Reached skill level 5 in Axes
  1264 | D:2      | Noticed Jessica
  1267 | D:2      | Reached XP level 4. HP: 32/39 MP: 4/4
  1296 | D:2      | Killed Jessica
  1549 | D:2      | Found Luky's Jewellery Shop.
  1832 | D:2      | Reached XP level 5. HP: 42/45 MP: 5/5
  2039 | D:3      | Found a runed translucent gate.
  2039 | D:3      | Found a runed translucent gate.
  2039 | D:3      | Found a runed translucent gate.
  2333 | D:3      | Noticed Quickbrownfox's ghost (amateur DsCj)
  2612 | D:4      | Identified a scroll of acquirement
  2612 | D:4      | Acquired the +5 war axe of Xosug {vamp, rPois}
  2622 | D:4      | Found a shimmering blue altar of Sif Muna.
  2695 | D:4      | Found a sand-covered staircase.
  2707 | Ossuary  | Entered an ossuary
  2755 | Ossuary  | Reached XP level 6. HP: 41/51 MP: 6/6
  3120 | D:4      | Found a white marble altar of Elyvilon.
  3133 | D:4      | Found an ancient bone altar of Kikubaaqudgha.
  3353 | D:5      | Entered Level 5 of the Dungeon
  3404 | D:5      | Found Sual's Book Shop.
  3406 | D:5      | Found Vacog's Magic Scroll Shop.
  3407 | D:5      | Found Joceam's Armour Shop.
  3446 | D:5      | Reached XP level 7. HP: 57/57 MP: 7/7
  3456 | D:5      | Found a staircase to the Ecumenical Temple.
  3469 | D:5      | Reached skill level 10 in Axes
  3474 | D:5      | Found a snail-covered altar of Cheibriados.
  3478 | Temple   | Entered the Ecumenical Temple
  3522 | Temple   | Became a worshipper of Warmaster Okawaru
  3849 | D:4      | Reached skill level 1 in Invocations
  4206 | D:5      | Bought a +1 pair of gloves for 161 gold pieces
  4206 | D:5      | Bought a +0 pair of boots of stealth for 161 gold pieces
  4348 | D:5      | Noticed Edmund
  4358 | D:5      | Killed Edmund
  4358 | D:5      | Reached * piety under Okawaru
  4359 | D:5      | Reached XP level 8. HP: 64/64 MP: 10/10
  4580 | D:5      | Found Kokiacut's Antique Armour Shop.
  4702 | D:5      | Found a glowing silver altar of Zin.
  4702 | D:5      | Noticed an angel
  5038 | D:6      | Reached ** piety under Okawaru
  5268 | D:5      | Bought a bronze scale mail for 252 gold pieces
  5268 | D:5      | Identified the +3 scale mail "Wyiczodi" {-Cast rPois Will+}
                  | (You bought it in a shop on level 5 of the Dungeon)
  5375 | D:6      | Reached XP level 9. HP: 59/70 MP: 12/12
  5530 | D:6      | Noticed Blork the orc
  5545 | D:6      | Killed Blork the orc
  5780 | D:6      | Found a stormy altar of Qazlal.
  5890 | D:7      | Found a radiant altar of Vehumet.
  5891 | D:7      | Found a blossoming altar of Fedhas.
  5925 | D:7      | Noticed Maggie
  5970 | D:7      | Reached *** piety under Okawaru
  5971 | D:7      | Reached skill level 15 in Axes
  6250 | D:7      | Reached skill level 4 in Fighting
  6264 | D:7      | Found a glowing golden altar of the Shining One.
  6644 | D:8      | Found a flagged portal.
  6659 | Bailey   | Entered a bailey
  6850 | Bailey   | Reached skill level 5 in Invocations
  6851 | Bailey   | Reached **** piety under Okawaru
  6860 | Bailey   | Reached XP level 10. HP: 80/80 MP: 13/13
  6867 | Bailey   | Found a burning altar of Makhleb.
  6978 | D:8      | Reached skill level 5 in Fighting
  7005 | D:8      | Noticed an elephant
  7020 | D:8      | Killed an elephant
  7021 | D:8      | Reached skill level 5 in Shields
  7166 | D:8      | Reached skill level 5 in Armour
  7192 | D:8      | Found a staircase to the Lair.
  7338 | D:8      | Found an opulent altar of Gozag.
  7393 | D:8      | Reached ***** piety under Okawaru
  7463 | D:8      | Found a sparkling altar of Nemelex Xobeh.
  7482 | D:8      | Identified the +11 trident of Giakhos {venom, rElec rN+
                  | rCorr Dex+3}
  7685 | D:8      | Reached skill level 6 in Fighting
  7961 | D:9      | Identified the +4 arbalest "Arbiter" {speed, +Blink}
                  | (Okawaru gifted it to you on level 9 of the Dungeon)
  7961 | D:9      | Received a gift from Okawaru
  7963 | D:9      | Reached skill level 7 in Fighting
  8189 | D:9      | Noticed Erolcha
  8197 | D:9      | Killed Erolcha
  8198 | D:9      | Reached XP level 11. HP: 79/93 MP: 15/17
  8323 | D:9      | Found a bloodstained altar of Trog.
  8450 | D:10     | Entered Level 10 of the Dungeon
  8564 | D:10     | Found a burning altar of Makhleb.
  8564 | D:10     | Noticed a balrug
  8599 | D:10     | Reached skill level 8 in Fighting
  8677 | D:10     | Found a staircase to the Orcish Mines.
  9143 | Lair:1   | Entered Level 1 of the Lair of Beasts
  9189 | Lair:1   | Reached skill level 9 in Fighting
  9336 | Lair:1   | Identified the +9 plate armour of Okawaru's Whim {rPois
                  | Will+ Str-3 Dex+3} (Okawaru gifted it to you on level 1 of
                  | the Lair of Beasts)
  9336 | Lair:1   | Received a gift from Okawaru
  9350 | Lair:1   | Reached skill level 10 in Fighting
  9369 | Lair:1   | Reached skill level 10 in Shields
  9566 | Lair:1   | Reached skill level 10 in Invocations
  9577 | Lair:1   | Reached XP level 12. HP: 106/106 MP: 19/19
 10220 | Lair:2   | Reached ****** piety under Okawaru
 10372 | D:5      | Bought a runed kite shield for 210 gold pieces
 10372 | D:5      | Bought a glowing helmet for 210 gold pieces
 10612 | Lair:2   | Found a hole to the Spider Nest.
 10844 | Lair:2   | Identified the scarf "Poideako" {+Inv, Regen+} (Okawaru
                  | gifted it to you on level 2 of the Lair of Beasts)
 10844 | Lair:2   | Received a gift from Okawaru
 10849 | Lair:2   | Reached skill level 1 in Evocations
 10854 | Lair:2   | Reached skill level 1 in Throwing
 11177 | Lair:3   | You fall into a shaft and drop 1 floor!
 11181 | Lair:3   | Noticed a death yak
 11181 | Lair:3   | Noticed a death yak
 11181 | Lair:3   | Noticed a death yak
 11181 | Lair:3   | Noticed a death yak
 11181 | Lair:3   | Noticed a death yak
 11181 | Lair:3   | Noticed a death yak
 11300 | Lair:3   | Noticed Gastronok
 11317 | Lair:3   | Killed Gastronok
 11562 | Lair:3   | Killed a death yak
 11567 | Lair:3   | Killed a death yak
 11570 | Lair:3   | Killed a death yak
 11573 | Lair:3   | Killed a death yak
 11582 | Lair:3   | Killed a death yak
 11583 | Lair:3   | Killed a death yak
 11749 | Lair:3   | Reached XP level 13. HP: 106/115 MP: 22/22
 11966 | Lair:3   | Found a staircase to the Shoals.
 12274 | Lair:4   | Found a viscous altar of Jiyva.
 12275 | Lair:4   | Found a staircase to the Slime Pits.
 12456 | Lair:4   | Reached skill level 11 in Fighting
 12536 | Lair:4   | Received a gift from Okawaru
 12978 | Lair:5   | Entered Level 5 of the Lair of Beasts
 13008 | Lair:4   | Identified the +1 ring mail "Jamu" {Dex+2} (Okawaru gifted
                  | it to you on level 4 of the Lair of Beasts)
 13008 | Lair:4   | Received a gift from Okawaru
 13357 | Lair:5   | Reached skill level 5 in Evocations
 13426 | Lair:5   | Identified the +3 scale mail "Yskethro" {+Blink}
 13545 | Lair:5   | Received a gift from Okawaru
 13671 | Lair:5   | Reached skill level 5 in Throwing
 13695 | Lair:5   | Reached skill level 12 in Fighting
 13695 | Lair:5   | Reached XP level 14. HP: 117/126 MP: 24/24
 14671 | D:11     | Noticed Lodul
 14683 | D:11     | Killed Lodul
 14960 | D:12     | Noticed Snorg
 14975 | D:12     | Killed Snorg
 14975 | D:12     | Identified the +11 broad axe "Ebadug" {flame, Dex+3}
                  | (Okawaru gifted it to you on level 12 of the Dungeon)
 14975 | D:12     | Received a gift from Okawaru
 15714 | D:13     | Found a gate to the Vaults.
 15724 | D:13     | Received a gift from Okawaru
 16084 | D:13     | Received a gift from Okawaru
 16174 | D:14     | Found Dufitol's Magic Scroll Emporium.
 16182 | D:14     | Bought a scroll of blinking for 82 gold pieces
 16185 | D:14     | Noticed Frances
 16198 | D:14     | Killed Frances
 16199 | D:14     | Reached skill level 15 in Invocations
 16387 | D:14     | Noticed Rupert
 16407 | D:14     | Reached skill level 13 in Fighting
 16480 | D:14     | Killed Rupert
 16521 | D:14     | Reached XP level 15. HP: 127/135 MP: 15/26
 16958 | D:15     | Entered Level 15 of the Dungeon
 16988 | D:15     | Found a shadowy altar of Dithmenos.
 17138 | D:15     | Found a staircase to the Depths.
 17278 | D:15     | Reached skill level 10 in Armour
 17489 | D:15     | Received a gift from Okawaru
 18097 | D:7      | Killed Maggie
 18259 | D:3      | Killed Quickbrownfox's ghost
 18447 | Orc:1    | Entered Level 1 of the Orcish Mines
 18730 | Orc:2    | Entered Level 2 of the Orcish Mines
 18760 | Orc:2    | Noticed Sonja
 18777 | Orc:2    | Killed Sonja
 18949 | Orc:2    | Found a staircase to the Elven Halls.
 19690 | Orc:2    | Received a gift from Okawaru
 19851 | Orc:2    | Noticed an orc warlord
 19867 | Orc:2    | Killed an orc warlord
 19875 | Orc:2    | Reached skill level 14 in Fighting
 20532 | Orc:2    | Found Qihec Honybb's General Store.
 20533 | Orc:2    | Found Xaavasutzul's Jewellery Shoppe.
 20535 | Orc:2    | Found Oregg's Antique Armour Shoppe.
 20535 | Orc:2    | Found Paosu's Antique Weapon Emporium.
 20550 | Orc:2    | Bought the +3 pair of gauntlets of War {Slay+5} for 1187
                  | gold pieces
 20550 | Orc:2    | Found the +3 pair of gauntlets of War {Slay+5}
 20841 | Spider:1 | Entered Level 1 of the Spider Nest
 20880 | Spider:1 | Found a frozen archway.
 20897 | IceCv    | Entered an ice cave
 20932 | IceCv    | Found a transporter.
 20963 | IceCv    | Found a transporter.
 20989 | IceCv    | Identified the +3 leather armour "Bacas" {rC+ Dex+3}
 20990 | IceCv    | Identified the +5 lajatang "Ikice" {flame, rN+}
 21046 | Spider:1 | Reached skill level 1 in Dodging
 21046 | Spider:1 | Reached XP level 16. HP: 147/147 MP: 27/27
 21082 | Spider:1 | Noticed Azrael
 21091 | Spider:1 | Killed Azrael
 21110 | Spider:1 | Received a gift from Okawaru
 21264 | Spider:1 | Received a gift from Okawaru
 21599 | Spider:1 | Identified the +7 hand axe "Fafowk" {heavy, rC+ Str-2 Int-2
                  | Dex+5} (Okawaru gifted it to you on level 1 of the Spider
                  | Nest)
 21599 | Spider:1 | Received a gift from Okawaru
 21629 | Spider:1 | Noticed Aizul
 21636 | Spider:1 | Killed Aizul
 21888 | Spider:2 | Reached skill level 15 in Fighting
 22098 | Spider:2 | Received a gift from Okawaru
 22934 | Spider:3 | Received a gift from Okawaru
 23072 | Spider:3 | Reached XP level 17. HP: 156/156 MP: 7/28
 23389 | Spider:3 | Reached skill level 15 in Shields
 23519 | Spider:3 | Noticed Mlioglotl
 23525 | Arena    | Entered the Arena
 23531 | Arena    | Killed Mlioglotl
 23531 | Arena    | Identified the +0 chain mail "Jelych" {-Tele Regen+ Str+8}
                  | (Okawaru gifted it to you in the Arena)
 23531 | Arena    | Received a gift from Okawaru
 23658 | Spider:3 | Reached skill level 10 in Evocations
 24057 | Spider:4 | Entered Level 4 of the Spider Nest
 24182 | Spider:4 | Reached skill level 5 in Dodging
 24191 | Spider:4 | Reached skill level 16 in Fighting
 25170 | Spider:4 | Received a gift from Okawaru
 25658 | Spider:4 | Got a gossamer rune of Zot
 25990 | Shoals:1 | Entered Level 1 of the Shoals
 25997 | Shoals:1 | Reached skill level 17 in Fighting
 26291 | Shoals:1 | Reached XP level 18. HP: 153/169 MP: 29/29
 27289 | Shoals:3 | Noticed Bai Suzhen
 27413 | Shoals:3 | Identified the +4 scale mail of the Trees {Dex+4} (Okawaru
                  | gifted it to you on level 3 of the Shoals)
 27413 | Shoals:3 | Received a gift from Okawaru
 27422 | Shoals:3 | Killed Bai Suzhen
 27808 | Shoals:3 | Reached skill level 15 in Armour
 27831 | Shoals:3 | Reached skill level 18 in Fighting
 27867 | Shoals:4 | Entered Level 4 of the Shoals
 28422 | Shoals:3 | Received a gift from Okawaru
 28778 | Shoals:4 | Got a barnacled rune of Zot
 28877 | Shoals:4 | Identified the staff of cold "Awekestru" {rC+ rCorr Str+2
                  | Int-3 Dex+6}
 28970 | Shoals:4 | Identified the +5 plate armour "Vecir" {rF+ rC+ Will+
                  | Int-3} (Okawaru gifted it to you on level 4 of the Shoals)
 28970 | Shoals:4 | Received a gift from Okawaru
 28984 | Shoals:4 | Identified the +0 troll leather armour of Liberty {rPois
                  | Regen+ SInv}
 29710 | Depths:1 | Entered Level 1 of the Depths
 29710 | Depths:1 | Found a gateway to Hell.
 29793 | Depths:1 | Found an ancient bone altar of Kikubaaqudgha.
 29896 | Depths:1 | Reached XP level 19. HP: 169/180 MP: 30/30
 29928 | Depths:1 | Found Homaneqie's General Store.
 29949 | Depths:1 | Bought the ring "Ovearunt" {rN+ Str+6} for 472 gold pieces
 29977 | Depths:1 | Found a one-way gateway to a ziggurat.
 30115 | Depths:1 | Noticed a juggernaut
 30132 | Depths:1 | Killed a juggernaut
 30555 | Depths:2 | Found a one-way gate leading to the halls of Pandemonium.
 30861 | Depths:2 | Found a shimmering altar of Xom.
 30904 | Depths:2 | Noticed a juggernaut
 30908 | Depths:2 | Paralysed by a floating eye for 2 turns
 30915 | Depths:2 | Paralysed by a floating eye for 2 turns
 30921 | Depths:2 | Killed a juggernaut
 30922 | Depths:2 | Reached skill level 19 in Fighting
 30922 | Depths:2 | Paralysed by a floating eye for 4 turns
 30944 | Depths:2 | Identified the +1 pair of gloves of Haumorhih {rElec rPois
                  | rF- rC++} (Okawaru gifted it to you on level 2 of the
                  | Depths)
 30944 | Depths:2 | Received a gift from Okawaru
 31000 | Depths:2 | Found a gateway to a bazaar.
 31015 | Bazaar   | Entered a bazaar
 31029 | Bazaar   | Found Areiz's Magic Scroll Shoppe.
 31029 | Bazaar   | Found Vymeosk's Antique Armour Emporium.
 31050 | Bazaar   | Found Ikauhatz's Weapon Shoppe.
 31050 | Bazaar   | Found Kuvvioff's Book Emporium.
 31073 | Bazaar   | Found Exkoloh's Antique Weapon Emporium.
 31197 | Depths:2 | Found a large runed translucent door.
 31197 | Depths:2 | Found a large runed translucent door.
 31703 | Depths:2 | Noticed a hellephant
 31741 | Depths:2 | Killed a hellephant
 31770 | Depths:2 | Identified the +9 quarterstaff of Paper {flame, rPois Str+7
                  | Dex-2}
 31792 | Depths:2 | Reached XP level 20. HP: 95/191 MP: 31/31
 31799 | Depths:2 | Paralysed by a sphinx for 4 turns
 32212 | Depths:3 | Received a gift from Okawaru
 32995 | Depths:3 | Reached skill level 20 in Fighting
 33050 | Depths:3 | Noticed a juggernaut
 33175 | Depths:3 | Received a gift from Okawaru
 33201 | Depths:3 | Killed a juggernaut
 33357 | Depths:3 | Received a gift from Okawaru
 33469 | Depths:3 | Received a gift from Okawaru
 33536 | Depths:3 | Found a blossoming altar of Fedhas.
 33654 | Depths:3 | Received a gift from Okawaru
 33680 | Depths:3 | Identified the staff of air "Dim Hae" {rElec Str+4 Int+3}
 33723 | Depths:3 | Got the Teachings on Energy
 33788 | Depths:3 | Reached XP level 21. HP: 201/201 MP: 32/32
 33966 | Depths:3 | Received a gift from Okawaru
 34074 | Depths:3 | Found a one-way gate to the infinite horrors of the Abyss.
 34251 | Depths:4 | Entered Level 4 of the Depths
 34320 | Depths:4 | Noticed a caustic shrike
 34320 | Depths:4 | Noticed a caustic shrike
 34320 | Depths:4 | Noticed a caustic shrike
 34331 | Depths:4 | Killed a caustic shrike
 34334 | Depths:4 | Killed a caustic shrike
 34338 | Depths:4 | Killed a caustic shrike
 34404 | Depths:4 | Received a gift from Okawaru
 34806 | Depths:3 | Reached skill level 10 in Dodging
 34931 | Depths:4 | Noticed a bone dragon
 34932 | Depths:4 | Found a gate to the Realm of Zot.
 34946 | Depths:4 | Noticed a golden dragon
 34951 | Depths:4 | Killed a bone dragon
 34972 | Depths:4 | Killed a golden dragon
 34972 | Depths:4 | Identified the +0 chain mail "Guojoi" {MP+9} (Okawaru
                  | gifted it to you on level 4 of the Depths)
 34972 | Depths:4 | Received a gift from Okawaru
 35244 | Depths:4 | Reached skill level 21 in Fighting
 35428 | Depths:4 | Identified the +5 hand axe of Experimentation {heavy,
                  | +Blink rPois rC+ Int-2}
 36221 | Vaults:1 | Entered Level 1 of the Vaults
 36443 | Vaults:1 | Noticed Zenata
 36457 | Arena    | Entered the Arena
 36465 | Arena    | Killed Zenata
 36509 | Vaults:1 | Reached XP level 22. HP: 89/213 MP: 33/33
 36783 | Vaults:1 | Received a gift from Okawaru
 37600 | Vaults:2 | Reached skill level 22 in Fighting
 37773 | Vaults:2 | Found a runed translucent gate.
 37774 | Vaults:2 | Found a runed translucent gate.
 37774 | Vaults:2 | Found a runed translucent gate.
 37775 | Vaults:2 | Noticed casual's ghost (veteran MiMo)
 38990 | Vaults:2 | Killed casual's ghost
 39023 | Vaults:2 | Received a gift from Okawaru
 39062 | Vaults:2 | Identified the +0 cloak of Umaraom {*Slow rN+++ Str+4}
 39835 | Vaults:3 | Found a staircase to the Crypt.
 39835 | Vaults:3 | Found a basalt altar of Yredelemnul.
 39835 | Vaults:3 | Found an ancient bone altar of Kikubaaqudgha.
 39884 | Vaults:3 | Reached skill level 23 in Fighting
 40013 | Vaults:3 | Noticed Asterion
 40020 | Vaults:3 | Killed Asterion
 40042 | Vaults:3 | Reached XP level 23. HP: 217/226 MP: 34/34
 40157 | Vaults:3 | Got Vv's Volume of Azure Lava
 40634 | Vaults:3 | Received a gift from Okawaru
 41020 | Vaults:4 | Identified the +12 war axe "Jelly's Funeral" {speed, rElec
                  | rF- Dex+4} (Okawaru gifted it to you on level 4 of the
                  | Vaults)
 41020 | Vaults:4 | Received a gift from Okawaru
 41461 | D:2      | Bought a ring of protection from fire for 275 gold pieces
 41933 | Vaults:4 | Reached skill level 24 in Fighting
 42626 | Vaults:5 | Entered Level 5 of the Vaults
 42647 | Vaults:5 | Received a gift from Okawaru
 42680 | Vaults:5 | Reached skill level 25 in Fighting
 42809 | Vaults:5 | Received a gift from Okawaru
 42939 | Vaults:5 | Identified the staff of cold "Ogoeh" {rC+ Str+2 Int+3}
 43274 | Vaults:5 | Reached skill level 26 in Fighting
 43375 | Vaults:5 | Reached XP level 24. HP: 211/245 MP: 34/34
 43412 | Vaults:5 | Identified the +1 ring mail of Moylosm {rN++ Str+2 SInv}
                  | (Okawaru gifted it to you on level 5 of the Vaults)
 43412 | Vaults:5 | Received a gift from Okawaru
 43502 | Vaults:5 | Got the Tome of the Assassin and Firn
 43547 | Vaults:5 | Noticed a dread lich
 43568 | Vaults:5 | Killed a dread lich
 43575 | Vaults:5 | Noticed an ancient lich
 43596 | Vaults:5 | Killed an ancient lich
 43614 | Vaults:5 | Identified the +3 leather armour of the Shore {*Slow +Inv
                  | rElec Int-5}
 43715 | Vaults:5 | Identified the +9 quarterstaff "Kiphital" {spect, rPois
                  | Will+}
 44258 | D:5      | Bought a scroll of enchant armour for 112 gold pieces
 44258 | D:5      | Bought a scroll of enchant armour for 112 gold pieces
 44657 | Vaults:5 | Got a silver rune of Zot
 44900 | Vaults:5 | Reached skill level 27 in Fighting
 44925 | Vaults:5 | Identified the staff of conjuration "Rofe" {rN+}
 44933 | Vaults:5 | Got the Grimoire of Searing Confrontation
 45183 | D:12     | Gained mutation: You occasionally lose the ability to read
                  | scrolls when taking damage. [potion of mutation]
 45183 | D:12     | Gained mutation: You have sharp toenails. [potion of
                  | mutation]
 45242 | D:15     | Lost mutation: You have sharp toenails. [potion of
                  | mutation]
 45242 | D:15     | Lost mutation: You occasionally lose the ability to read
                  | scrolls when taking damage. [potion of mutation]
 45242 | D:15     | Gained mutation: You expend magic power (3 MP) to
                  | strengthen your wands. [potion of mutation]
 45242 | D:15     | Gained mutation: You have a pair of small antennae on your
                  | head. [potion of mutation]
 45372 | Lair:1   | Lost mutation: You have a pair of small antennae on your
                  | head. [potion of mutation]
 45372 | Lair:1   | Lost mutation: You expend magic power (3 MP) to strengthen
                  | your wands. [potion of mutation]
 45372 | Lair:1   | Gained mutation: You are partially covered in iridescent
                  | scales. (AC +2) [potion of mutation]
 45372 | Lair:1   | Gained mutation: You are strong-willed. (Will+) [potion of
                  | mutation]
 45372 | Lair:1   | Gained mutation: Your muscles are strong. (Str +4, Int/Dex
                  | -1) [potion of mutation]
 45497 | Elf:1    | Entered Level 1 of the Elven Halls
 45835 | Elf:1    | Paralysed by an air elemental for 1 turns
 45840 | Elf:1    | Paralysed by an air elemental for 1 turns
 45939 | Elf:1    | Found a radiant altar of Vehumet.
 46402 | Elf:1    | Got the Compilation of Malignant Deeds
 46593 | Elf:2    | Found Plog's Book Shop.
 46677 | Elf:2    | Identified the +5 flail of Immorality {heavy, rC+}
 46793 | Elf:2    | Found Moxev's Magic Scroll Shop.
 46900 | Elf:2    | Found a runed translucent gate.
 46901 | Elf:2    | Found a runed translucent gate.
 46901 | Elf:2    | Found a runed translucent gate.
 46958 | Elf:2    | Received a gift from Okawaru
 46997 | Elf:2    | Received a gift from Okawaru
 47400 | Elf:2    | Received a gift from Okawaru
 47447 | Elf:3    | Entered Level 3 of the Elven Halls
 47727 | Elf:3    | Paralysed by an air elemental for 1 turns
 47761 | Elf:3    | Noticed Mara
 47791 | Elf:3    | Killed Mara
 48033 | Elf:3    | Reached XP level 25. HP: 249/257 MP: 34/34
 48479 | Arena    | Entered the Arena
 48510 | Elf:3    | HP: 10/248 [deep elf high priest/divine providence (11)]
 48511 | Elf:3    | Killed from afar by a deep elf high priest

Illustrated notes

Levels and vault maps discovered:
D:1:      dpeg_arrival_water_fire, layout_basic
D:2:      layout_basic, serial_shops, shop, uniq_jessica
D:3:      layout_loops_ring, gammafunk_ghost_icy
D:4:      minmay_diamond_boxcup, layout_basic, mainiacjoe_overflow_tiny_flanked,
          kennysheep_mini, led_sif_book, lightli_ossuary_entry_decrepit_ruins
D:5:      layout_loops_ring, zin_angel, cheibriados_altar_1,
          minmay_temple_entry_statues_fountains, serial_shops,
          nicolae_shop_back_alley_shop, nicolae_shop_distant_corner_stores,
          uniq_edmund
D:6:      layout_loops_cross, kennysheep_mini_moat, minmay_statues_item,
          uniq_blork_the_orc
D:7:      layout_loops_ring, tso_oasis_becter,
          chequers_temple_overflow_statue_of_worship, uniq_maggie
D:8:      layout_cave_pods, grunt_gozag_breadcrumbs,
          mainiacjoe_overflow_concentric_impassable, david_lair_generic,
          enter_bailey_5
D:9:      layout_basic, kennysheep_little_box, st_stairs_8, uniq_erolcha
D:10:     layout_gridville, makhleb_altar_promises_db, orc_0_dummy,
          minmay_unpleasant_kobolds
D:11:     layout_roguey, uniq_lodul
D:12:     layout_roguey, grunt_ministairs_14, uniq_snorg
D:13:     layout_cave_pools, erik_vaults_2
D:14:     layout_long_grid, serial_shops, nicolae_square_shop,
          chequers_serial_rivers_room_a, uniq_frances, uniq_rupert
D:15:     grunt_enter_depths_giant_problem, layout_cave_pools,
          nicolae_dithmenos_through_a_glass_darkly, special_room
          [special_room_orc], minivault_11
Temple:   nicolae_temple_cloud_nine
Lair:1:   layout_chaotic_city, chequers_serial_rivers_small_3,
          grunt_megastairs_2
Lair:2:   layout_chaotic_city, spider_nest_entry_funnel_web
Lair:3:   layout_regular_city, minmay_shoals_entry_beasts,
          grunt_forest_small_clearings, serial_bayou_lake_a,
          serial_bayou_shore_a, uniq_gastronok
Lair:4:   layout_long_grid, dpeg_slime_entry_enclosed, kennysheep_rathole,
          serial_bayou_shore_b
Lair:5:   gammafunk_lair_ancient_temple, layout_loops_ring
Shoals:1: layout_shoals, nicolae_shoals_lost_giant_hut
Shoals:2: layout_shoals
Shoals:3: layout_shoals, uniq_bai_suzhen
Shoals:4: shoals_end_simple, layout_shoals, nicolae_shoals_water_booths
Spider:1: layout_spider_delve, portal_ice_cave_entry_ice_statue_one, uniq_aizul,
          uniq_azrael
Spider:2: layout_spider_delve
Spider:3: layout_spider_delve, nicolae_spider_wall_of_niches, uniq_mlioglotl
Spider:4: grunt_spider_rune_parallel
Orc:1:    layout_caves
Orc:2:    st_orc_congregation, layout_diamond_mine, uniq_sonja
Elf:1:    layout_loops_corners, basic_altar, minmay_elf_necromancy, kb_rosetta
Elf:2:    nicolae_elf_blades_crystal_corner, layout_geoelf_octagon,
          serial_shops, nicolae_shop_statue_plus, shop
Elf:3:    minmay_elf_hall_not_hex, layout_loops_ring,
          nicolae_elf_blasts_and_bolts, grunt_megastairs_4, uniq_mara
Vaults:1: nicolae_vaults_twisting_passages, nicolae_vaults_trapezoid_lopsided_4,
          nicolae_vaults_security_offices_4, nicolae_vaults_frosty_reception,
          vaults_mumra_chevron, vaults_room_semicircle,
          nicolae_vaults_bisected_exclaves, vaults_room_fours,
          nicolae_vaults_big_ls, nicolae_vaults_network_s, nicolae_vaults_prndl,
          nicolae_vaults_asterisk, layout_vaults_maze_snakey, uniq_zenata
Vaults:2: gammafunk_ghost_tricky_traps, nicolae_vaults_shipping_containers_4,
          nicolae_vaults_apartment_2, hangedman_vaults_stream, v_misc_10,
          nicolae_vaults_wine_cellar, ontoclasm_vaults_idyll,
          vaults_room_door_ring, layout_vaults_omnigrid
Vaults:3: v_misc_14, nicolae_vaults_little_squares_3,
          minmay_crypt_entry_necro_gods, nicolae_vaults_little_squares_1,
          nicolae_vaults_six-pack, nicolae_vaults_double_plus_3,
          nicolae_vaults_stairing_the_circle, nicolae_vaults_prndl,
          nicolae_vaults_diamond_1, nicolae_vaults_sesquioval_fish,
          grunt_vaults_twisty, nicolae_vaults_diagonal_hallway_7,
          nicolae_vaults_heart-shaped_vault, layout_vaults_chaotic_city,
          uniq_asterion
Vaults:4: nicolae_vaults_trapezoid_3, ontoclasm_vaults_spin, v_misc_15,
          v_misc_28, v_misc_4, nicolae_vaults_little_squares_3, v_misc_29,
          nicolae_vaults_hallways_thing, v_misc_1, layout_vaults_ring
Vaults:5: serial_shops
Depths:1: minmay_bloctagon_deflated, layout_cave_pools, enter_ziggurat_f,
          serial_column_ruins, column_ruins_square_medium,
          column_ruins_hut_ruined, column_ruins_open_medium,
          column_ruins_open_tiny, column_ruins_grid_1, column_ruins_grid_1,
          column_ruins_open_tiny, column_ruins_corridor_corner,
          column_ruins_open_tiny_water, hell_entry,
          chequers_serial_rivers_micro_b, serial_shops, shop,
          kiku_gazebo_garden_becter
Depths:2: lightli_eight_chambers, layout_basic, pan_entry,
          hangedman_decor_riveting, hell_entry, serial_shops, statue_bzr,
          tgw_xom, minmay_staircase_statues
Depths:3: minmay_the_grid_net [minmay_the_grid_minigrid_large,
          minmay_the_grid_large_cup, minmay_the_grid_outer_circle,
          minmay_the_grid_minigrid_small, minmay_the_grid_mess,
          minmay_the_grid_prize_trominoes], layout_honeycomb, hell_entry,
          fedhas_altar_1, abyss_entry_small_statue_room,
          chequers_serial_rivers_room_a
Depths:4: grunt_zot_entry_funnels, layout_gridlike, nicolae_two_hexagons,
          pf_coc_iceberg, small_chamber_with_monster

Skill      XL: |  1  2  3  4  5  6  7  8  9 10 11 12 13 14 15 16 17 18 19 20 21 22 23 24 25 |
---------------+----------------------------------------------------------------------------+-----
Axes           | 4 5 6 8 9 11 14 15 16 18 | 18.0
Invocations    | 3 4 5 8 10 12 14 15 | 15.0
Fighting       | 4 7 10 12 13 14 15 17 18 19 20 21 23 26 27 | 27.0
Armour         | 4 5 6 8 9 11 12 14 16 17 18 20 23 24 25 26 | 26.0
Shields        | 4 7 10 11 12 13 14 16 17 18 20 22 23 24 25 | 25.1
Evocations     | 3 5 7 8 9 10 | 10.0
Throwing       | 3 5 |  5.0
Dodging        | 1 4 5 7 9 10 11 12 | 12.1

Action                     |  1- 3 |  4- 6 |  7- 9 | 10-12 | 13-15 | 16-18 | 19-21 | 22-24 | 25-27 || total
---------------------------+-------+-------+-------+-------+-------+-------+-------+-------+-------++-------
  Melee: War axe           |   102 |   138 |   269 |   474 |   505 |       |       |   539 |       ||  2027
         Broad axe         |       |       |       |       |   494 |  1036 |  1081 |   973 |    60 ||  3644
         Trident           |       |       |       |       |       |       |    10 |       |       ||    10
  Throw: Dart              |       |       |       |       |    11 |    24 |       |       |       ||    35
         Javelin           |       |       |       |       |       |       |     4 |     5 |       ||     9
 Invoke: Finesse           |       |       |       |       |     3 |     5 |     7 |     6 |     1 ||    22
         Heroism           |       |       |       |       |     3 |       |       |       |       ||     3
         Duel              |       |       |       |       |       |     1 |     1 |       |     1 ||     3
  Evoke: Wand              |       |       |     4 |       |     3 |       |       |     2 |       ||     9
         Lightning rod     |       |       |       |     7 |       |       |       |       |       ||     7
    Use: Scroll            |       |     5 |    11 |    11 |     6 |     4 |    10 |    14 |     2 ||    63
         Potion            |       |     1 |       |       |       |     1 |     5 |     5 |     2 ||    14
   Stab: Invisible         |       |       |       |       |     1 |       |       |       |       ||     1
 Armour: Scale mail        |    65 |    47 |    98 |    99 |       |       |       |       |       ||   309
         Plate armour      |       |       |       |    70 |   424 |   595 |   379 |   267 |       ||  1735
         Gold dragon scale |       |       |       |       |       |       |       |   113 |    11 ||   124
  Dodge: Dodged            |    45 |    40 |    98 |   110 |   172 |   342 |   275 |   258 |     3 ||  1343
  Block: Buckler           |    25 |    16 |    49 |    84 |       |       |       |       |       ||   174
         Kite shield       |       |       |       |    62 |   544 |   823 |   364 |       |       ||  1793
         Reflection        |       |       |       |     1 |    28 |    72 |     5 |       |       ||   106
         Tower shield      |       |       |       |       |       |       |   260 |   926 |    25 ||  1211
